 Dungeon Crawl Stone Soup version 0.19.4-8-ga85b6b9 (webtiles) character file.

20387 baruk the Thaumaturge (level 12, 0/59 HPs)
             Began as a Tengu Fire Elementalist on Feb 9, 2017.
             Was a High Priest of Vehumet.
             Shot with a bolt by a yaktaur (30 damage)
             ... in a volcano.
             The game lasted 01:29:55 (14022 turns).

baruk the Thaumaturge (Tengu Fire Elementalist)    Turns: 14022, Time: 01:29:59

Health: 0/59       AC:  9    Str: 11    XL:     12   Next: 79%
Magic:  23/27      EV: 22    Int: 19    God:    Vehumet [*****.]
Gold:   184        SH:  0    Dex: 20    Spells: 8 memorised, 16 levels left

rFire  + + .     SeeInvis .     V - +6 spear of Irafoute {elec, rC+ MR+ Int-4}
rCold  + . .     Gourm    .     v - +1 robe {rC+ rF+}
rNeg   + . .     Faith    .     (no shield)
rPois  +         Spirit   .     (helmet restricted)
rElec  +         Reflect  .     n - +2 cloak
rCorr  .         Harm     .     P - +0 pair of gloves
MR     +....                    (boots unavailable)
Stlth  +++.......               a - amulet "Wetsuess" {rPois rN+ Regen+}
                                N - +2 ring of protection
                                d - ring of fire

@: mighty, agile, very slightly contaminated
A: beak, claws 1, talons 3, clever 1, low mp 1, electricity resistance, weak 1,
evolution 1, able to fly 1
a: Fly, Renounce Religion


You were in a volcano.
You worshipped Vehumet.
Vehumet was extremely pleased with you.
You were not hungry.

You visited 4 branches of the dungeon, and saw 14 of its levels.
You also visited: Sewer and Volcano.

You collected 1292 gold pieces.
You spent 1108 gold pieces at shops.

Inventory:

Hand Weapons
 f - the +6 flail of Fortitude {flame, Int+6}
   (You found it on level 10 of the Dungeon)

   It has been specially enchanted to burn those struck by it, causing extra
   injury to most foes and up to half again as much damage against particularly
   susceptible opponents.
   It affects your intelligence (+6).
 l - a +1 whip of electrocution
 w - a +1 great sword of flaming
 V - the +6 spear of Irafoute (weapon) {elec, rC+ MR+ Int-4}
   (You found it on level 9 of the Dungeon)

   Occasionally, upon striking a foe, it will discharge some electrical energy
   and cause terrible harm.
   It affects your intelligence (-4).
   It protects you from cold.
   It affects your resistance to hostile enchantments.
Missiles
 i - 75 bolts
 o - 7 javelins (quivered)
Armour
 n - a +2 cloak (worn)
 v - a +1 robe of resistance (worn)
 C - a +2 robe of positive energy
 P - a +0 pair of gloves (worn)
Magical Staves
 r - an uncursed staff of wizardry
Jewellery
 a - the amulet "Wetsuess" (around neck) {rPois rN+ Regen+}
   (You bought it in a shop on level 2 of the Orcish Mines)

   [amulet of regeneration]

   It protects you from poison.
   It protects you from negative energy.
   It increases your rate of regeneration.
 d - a ring of fire (left hand)
 m - a +3 ring of dexterity
 s - an uncursed ring of see invisible
 N - a +2 ring of protection (right hand)
 U - an uncursed amulet of harm
 X - an uncursed amulet of magic regeneration {unknown}
Wands
 B - a wand of confusion (29/48)
 G - a wand of flame (33/48)
 T - a wand of flame (25/48)
 W - a wand of random effects (35/48)
 Y - a wand of paralysis (8/24)
 Z - a wand of acid (0/15)
Scrolls
 e - 2 scrolls of enchant armour
 k - 4 scrolls of remove curse
 I - a scroll of blinking
 L - 5 scrolls of teleportation
 R - a scroll of recharging
Potions
 j - a potion of cancellation
 p - a potion of ambrosia
 q - 4 potions of curing
 t - 7 potions of flight
 x - a potion of beneficial mutation {unknown}
 H - a potion of might
 J - 4 potions of magic
 K - 6 potions of brilliance
Books
 b - a book of Flames

   Spells                             Type                      Level
   a - Flame Tongue                   Conjuration/Fire             1
   b - Throw Flame                    Conjuration/Fire             2
   c - Conjure Flame                  Conjuration/Fire             3
   d - Inner Flame                    Hexes/Fire                   3
   e - Sticky Flame                   Conjuration/Fire             4
   f - Fireball                       Conjuration/Fire             5
 g - a book of Changes

   Spells                             Type                      Level
   a - Beastly Appendage              Transmutation                1
   b - Sticks to Snakes               Transmutation                2
   c - Spider Form                    Transmutation/Poison         3
   d - Ice Form                       Ice/Transmutation            4
   e - Blade Hands                    Transmutation                5
 z - a book of Debilitation

   Spells                             Type                      Level
   a - Corona                         Hexes                        1
   b - Slow                           Hexes                        2
   c - Gell's Gravitas                Hexes/Translocation          3
   d - Inner Flame                    Hexes/Fire                   3
   e - Cause Fear                     Hexes                        4
   f - Leda's Liquefaction            Hexes/Earth                  4
Comestibles
 c - 5 bread rations
 h - 25 fruits
 A - 7 chunks of flesh
 F - 2 meat rations
 O - 3 slices of pizza


   Skills:
 * Level 6.7 Dodging
 - Level 2.1 Stealth
 + Level 13.7 Spellcasting
 - Level 10.0 Conjurations
 - Level 11.9 Fire Magic


You had 16 spell levels left.
You knew the following spells:

 Your Spells              Type           Power        Failure   Level  Hunger
a - Flame Tongue          Conj/Fire      #####        1%          1    None
b - Throw Flame           Conj/Fire      ######       1%          2    None
c - Conjure Flame         Conj/Fire      ######..     1%          3    None
d - Sticky Flame          Conj/Fire      ######..     1%          4    None
e - Inner Flame           Hex/Fire       ######..     1%          3    None
f - Fireball              Conj/Fire      ######....   1%          5    ####...
g - Throw Frost           Conj/Ice       ####..       1%          2    None
h - Delayed Fireball      Conj/Fire      N/A          19%         7    #######


Dungeon Overview and Level Annotations

Branches:
Dungeon (10/15)            Temple (1/1) D:5            Lair (1/6) D:10
    Orc (2/2) D:10            Elf (0/3) Orc:2

Altars:
Ashenzari
Cheibriados
Dithmenos
Elyvilon
Fedhas
Gozag
Hepliaklqana
Kikubaaqudgha
Makhleb
Nemelex Xobeh
Okawaru
Qazlal
Ru
Sif Muna
Trog
Uskayaw
Vehumet
Xom
Yredelemnul
Zin
The Shining One
Beogh

Shops:
D:5 ?   Orc:2 *=[(

Annotations:
D:9 exclusion: oklob plant


Innate Abilities, Weirdness & Mutations

You have a beak for a mouth.
You have claws for feet.
You can fly.
You have sharp fingernails.
Your mind is acute. (Int +2)
Your magical capacity is low. (-10% MP)
You are resistant to electric shocks. (rElec)
You are weak. (Str -2)
You evolve.


Message History

The yaktaur drinks a potion.
The yaktaur seems to grow stronger.
The red draconian breathes flames at you.
The searing blast hits you! You resist.
You puncture the red draconian!
The red draconian is almost dead.
The red draconian completely misses you.
You barely miss the red draconian.
You claw the red draconian, but do no damage.
You peck the red draconian.
The red draconian is almost dead.
The red draconian breathes flames at you.
The searing blast misses you.
You puncture the red draconian!
You kill the red draconian!
Vehumet accepts your kill.
You feel your power returning.
Your life force feels restored.
The yaktaur shoots a bolt.
The bolt hits you!!
Ouch! That really hurt!
You die...

# ##.## #. ##..# #..##...#
.........##
....≈§≈≈§≈≈....#
..§≈§≈≈≈§≈§≈...##
.≈≈§§≈≈≈≈§≈≈....##
...§≈§≈≈≈§≈§§.c)§#
.≈≈≈≈§§§§≈≈≈≈≈..@##
....≈≈≈§§≈≈≈≈(....###
....≈≈§≈§≈≈.....(.§.###
........§.....##.###))##
####.########.#######§.####
###.## ####§§§§≈§§.#.###
#∩#.# ##≈≈≈§§§...∩.# ...###
#≈§≈§§§[)...# §...§##
##≈§≈≈≈)§§§##


You could see a yaktaur.

Vanquished Creatures
  An orc warlord (Orc:2)
  A red draconian (Volcano)
  A centaur warrior (Volcano)
  An orc high priest (Orc:2)
  Nergalle (Orc:2)
  Pikel (D:7)
  An ugly thing (D:7)
  4 orc knights
  2 orc sorcerers (Orc:2)
  Joseph (D:7)
  Maurice (Orc:2)
  A yaktaur (Volcano)
  A troll (D:9)
  The ghost of BoredOne the Shield-Bearer, a novice VSFi (D:5)
  Grinder (Sewer)
  3 blink frogs (Lair:1)
  A two-headed ogre (Orc:1)
  Prince Ribbit (D:7)
  3 hippogriffs
  11 yaks
  A hungry ghost (D:10)
  A warg (Orc:1)
  2 hell hounds (Lair:1)
  18 orc warriors
  3 slaves (D:7)
  A hornet zombie (D:8)
  3 sky beasts
  2 black bears
  A phantom (D:4)
  An eye of draining (D:7)
  3 ice beasts
  2 necrophages
  14 ogres
  4 centaurs
  3 big kobolds
  Blork the orc (D:4)
  A bullfrog (D:9)
  3 scorpions
  5 killer bees (D:10)
  3 wights (D:6)
  5 howler monkeys
  An electric eel (D:10)
  A bullfrog zombie (D:9)
  7 crimson imps
  3 jellies
  A quasit (Sewer)
  11 orc priests
  2 centaur zombies
  A bullfrog skeleton (D:7)
  A gnoll shaman (D:5)
  A hound (D:7)
  28 orc wizards
  An iguana (D:10)
  2 centaur skeletons
  8 worker ants
  Terence (D:2)
  2 hound zombies (D:5)
  2 hound skeletons
  3 worker ant zombies
  14 adders
  9 gnolls
  A howler monkey skeleton (D:5)
  A river rat (D:3)
  7 shadow imps
  4 ufetubi (Sewer)
  An adder zombie (D:8)
  2 oozes (Sewer)
  4 adder skeletons
  A worm (D:2)
  2 dart slugs
  6 leopard geckos
  72 orcs
  7 bats (D:1)
  17 giant cockroaches
  12 goblins
  12 hobgoblins
  2 jackals (D:9)
  4 quokkas
  3 ball pythons
  5 frilled lizards
  A giant cockroach zombie (D:5)
  A jackal skeleton (D:6)
  A jackal zombie (D:5)
  25 kobolds
  A kobold zombie (Sewer)
  A leopard gecko skeleton (D:5)
  3 quokka skeletons
  A quokka zombie (D:5)
  11 rats
422 creatures vanquished.

Vanquished Creatures (others)
  A fungus (Lair:1)
1 creature vanquished.

Grand Total: 423 creatures vanquished

Notes
Turn   | Place    | Note
-------+----------+-------------------------------------------
     0 | D:1      | baruk the Tengu Fire Elementalist began the quest for the Orb.
     0 | D:1      | Reached XP level 1. HP: 10/10 MP: 4/4
    94 | D:1      | Reached XP level 2. HP: 14/15 MP: 6/6
   427 | D:1      | Reached XP level 3. HP: 19/19 MP: 5/7
   438 | D:1      | Learned a level 2 spell: Throw Flame
   442 | D:1      | Learned a level 3 spell: Conjure Flame
  1212 | D:2      | Reached XP level 4. HP: 22/24 MP: 2/8
  1452 | D:2      | Noticed Terence
  1506 | D:2      | Killed Terence
  2048 | D:2      | Found a hazy altar of Hepliaklqana.
  2049 | D:2      | Found a shimmering altar of Xom.
  2049 | D:2      | Noticed a caustic shrike
  2050 | D:2      | Noticed a spectral ugly thing
  2050 | D:2      | Noticed a caustic shrike
  2105 | D:2      | Reached skill level 3 in Spellcasting
  2105 | D:2      | Gained mutation: You can fly. [Tengu growth]
  2105 | D:2      | Reached XP level 5. HP: 21/28 MP: 1/10
  2292 | D:3      | Found a faded altar of an unknown god.
  2297 | D:3      | Noticed an ice beast
  2305 | D:3      | Killed an ice beast
  2330 | D:3      | Reached XP level 6. HP: 29/32 MP: 10/12
  2336 | D:3      | Learned a level 4 spell: Sticky Flame
  2381 | D:3      | Reached skill level 4 in Spellcasting
  2398 | D:3      | Found a glowing drain.
  2405 | Sewer    | Entered a sewer
  2788 | Sewer    | Found a burning altar of Makhleb.
  3054 | Sewer    | Noticed Grinder
  3061 | Sewer    | HP: 1/32 [shadow imp (3)]
  3062 | Sewer    | Killed Grinder
  3062 | Sewer    | Reached skill level 5 in Spellcasting
  3062 | Sewer    | Reached skill level 5 in Fire Magic
  3062 | Sewer    | Reached XP level 7. HP: 8/36 MP: 6/16
  4557 | D:4      | Noticed Blork the orc
  4569 | D:4      | Reached skill level 6 in Spellcasting
  4569 | D:4      | Reached XP level 8. HP: 14/41 MP: 10/18
  4576 | D:4      | Killed Blork the orc
  4657 | D:4      | Found a shadowy altar of Dithmenos.
  5070 | D:5      | Entered Level 5 of the Dungeon
  5078 | D:5      | Noticed BoredOne's ghost (novice VSFi)
  5085 | D:5      | Killed BoredOne's ghost
  5213 | D:5      | Reached skill level 7 in Spellcasting
  5223 | D:5      | Learned a level 5 spell: Fireball
  5227 | D:5      | Learned a level 3 spell: Inner Flame
  5234 | D:5      | Found Yci Ypp's Magic Scroll Shoppe.
  5240 | D:5      | Bought a scroll of blinking for 97 gold pieces
  5240 | D:5      | Bought a scroll of identify for 26 gold pieces
  5247 | D:5      | Found a staircase to the Ecumenical Temple.
  5259 | Temple   | Entered the Ecumenical Temple
  5445 | Temple   | Became a worshipper of Vehumet
  5730 | D:5      | Reached XP level 9. HP: 28/45 MP: 11/21
  5841 | D:5      | Reached skill level 8 in Spellcasting
  5846 | D:5      | Reached * piety under Vehumet
  5846 | D:5      | Offered knowledge of Sandblast by Vehumet.
  5933 | D:5      | Found a radiant altar of Vehumet.
  5997 | D:5      | Found a shattered altar of Ashenzari.
  6837 | D:6      | Offered knowledge of Throw Frost by Vehumet.
  6952 | D:6      | Reached ** piety under Vehumet
  7128 | D:7      | Noticed Pikel
  7186 | D:7      | Noticed a purple ugly thing
  7294 | D:6      | Reached skill level 9 in Spellcasting
  7303 | D:6      | Learned a level 2 spell: Throw Frost
  7341 | D:7      | Noticed Prince Ribbit
  7343 | D:7      | Noticed Joseph
  7509 | D:8      | Found a white marble altar of Elyvilon.
  7668 | D:8      | Reached skill level 5 in Conjurations
  7831 | D:8      | Found an opulent altar of Gozag.
  8002 | D:8      | Reached XP level 10. HP: 48/50 MP: 19/24
  8059 | D:9      | Reached skill level 10 in Fire Magic
  8238 | D:9      | Got a steaming spear
  8239 | D:9      | Identified the +6 spear of Irafoute {elec, rC+ MR+ Int-4} (You found it on level 9 of the Dungeon)
  8361 | D:9      | Offered knowledge of Static Discharge by Vehumet.
  8665 | D:9      | Reached skill level 10 in Spellcasting
  8860 | D:9      | Gained mutation: You have sharp fingernails. [mutagenic meat]
  8872 | D:9      | Found a blossoming altar of Fedhas.
  8885 | D:9      | Noticed an oklob plant
  8995 | D:7      | Found a shadowy altar of Dithmenos.
  9030 | D:7      | Killed Pikel
  9030 | D:7      | Reached *** piety under Vehumet
  9168 | D:7      | Killed a purple ugly thing
  9220 | D:7      | Killed Joseph
  9220 | D:7      | Reached XP level 11. HP: 32/54 MP: 13/26
  9286 | D:7      | Found an iron altar of Okawaru.
  9305 | D:7      | Offered knowledge of Fulminant Prism by Vehumet.
  9327 | D:7      | Killed Prince Ribbit
  9816 | D:10     | Entered Level 10 of the Dungeon
  9857 | D:10     | Found a staircase to the Orcish Mines.
  9895 | D:10     | Reached **** piety under Vehumet
  9937 | D:10     | Offered knowledge of Ignite Poison by Vehumet.
 10011 | D:10     | Found a staircase to the Lair.
 10120 | D:10     | Gained mutation: Your mind is acute. (Int +2) [mutagenic meat]
 10121 | D:10     | Gained mutation: Your magical capacity is low. (-10% MP) [mutagenic meat]
 10122 | D:10     | Gained mutation: You are resistant to electric shocks. (rElec) [mutagenic meat]
 10123 | D:10     | Gained mutation: You are weak. (Str -2) [mutagenic meat]
 10124 | D:10     | Gained mutation: You evolve. [mutagenic meat]
 10143 | D:10     | Reached skill level 11 in Spellcasting
 10527 | D:10     | Got a crude flail
 10528 | D:10     | Identified the +6 flail of Fortitude {flame, Int+6} (You found it on level 10 of the Dungeon)
 10741 | Orc:1    | Entered Level 1 of the Orcish Mines
 11195 | Orc:2    | Entered Level 2 of the Orcish Mines
 11196 | Orc:2    | Noticed an orc knight
 11198 | Orc:2    | Noticed Nergalle
 11279 | Orc:1    | Reached skill level 10 in Conjurations
 11329 | Orc:2    | Noticed an orc knight
 11346 | Orc:2    | Noticed Maurice
 11359 | Orc:1    | Killed an orc knight
 11474 | Orc:2    | Killed Maurice
 11532 | Orc:2    | Found a staircase to the Elven Halls.
 11629 | Orc:2    | Killed an orc knight
 11636 | Orc:2    | Noticed an orc warlord
 11849 | Orc:1    | Reached ***** piety under Vehumet
 11972 | Orc:2    | Noticed an orc knight
 11975 | Orc:2    | Noticed an orc knight
 12073 | Orc:2    | Found a roughly hewn altar of Beogh.
 12089 | Orc:2    | Killed an orc knight
 12089 | Orc:2    | Offered knowledge of Delayed Fireball by Vehumet.
 12089 | Orc:2    | Reached skill level 12 in Spellcasting
 12089 | Orc:2    | Reached XP level 12. HP: 59/59 MP: 3/26
 12100 | Orc:2    | Learned a level 7 spell: Delayed Fireball
 12335 | Orc:2    | Noticed an orc high priest
 12337 | Orc:2    | Killed an orc high priest
 12337 | Orc:2    | Reached skill level 5 in Dodging
 12925 | Orc:2    | Killed an orc warlord
 12932 | Orc:2    | Found a roughly hewn altar of Beogh.
 13272 | Orc:2    | Killed Nergalle
 13272 | Orc:2    | Reached skill level 13 in Spellcasting
 13280 | Orc:2    | Found Poxkomut's Antique Armour Boutique.
 13283 | Orc:2    | Found Ixaezies's Antique Weapon Boutique.
 13308 | Orc:2    | Found Dosode Bogyk's Jewellery Boutique.
 13326 | Orc:2    | Found Usseu's General Store.
 13620 | Orc:2    | Bought the amulet "Wetsuess" {rPois rN+ Regen+} for 635 gold pieces
 13620 | Orc:2    | Bought an uncursed ring of fire for 350 gold pieces
 13660 | Lair:1   | Entered Level 1 of the Lair of Beasts
 13876 | Lair:1   | Found a dark tunnel.
 13897 | Volcano  | Entered a volcano
 13925 | Volcano  | Noticed a centaur warrior
 13942 | Volcano  | Killed a centaur warrior
 13994 | Volcano  | Noticed a red draconian
 14022 | Volcano  | Killed a red draconian
 14022 | Volcano  | Shot with a bolt by a yaktaur

Skill      XL: |  1  2  3  4  5  6  7  8  9 10 11 12 |
---------------+-------------------------------------+-----
Conjurations   | 3 4 5 8 10 | 10.0
Spellcasting   | 3 5 6 7 9 10 12 13 | 13.7
Fire Magic     | 4 5 6 8 9 11 | 11.9
Dodging        | 4 6 |  6.7
Stealth        | |  2.1

Action                   |  1- 3 |  4- 6 |  7- 9 | 10-12 || total
-------------------------+-------+-------+-------+-------++-------
Melee: Unarmed           |    27 |    85 |       |       ||   112
       Peck              |     4 |    21 |    30 |    11 ||    66
       Kick              |     4 |    28 |    58 |    26 ||   116
       Quarterstaff      |       |    52 |   188 |       ||   240
       Dagger            |       |     3 |       |       ||     3
       Staff             |       |       |    20 |     9 ||    29
       Spear             |       |       |       |   211 ||   211
Throw: Javelin           |       |     7 |       |       ||     7
 Cast: Flame Tongue      |    56 |    88 |    83 |    66 ||   293
       Conjure Flame     |       |     3 |     9 |    21 ||    33
       Sticky Flame      |       |     2 |    28 |    28 ||    58
       Throw Flame       |       |     2 |    27 |    46 ||    75
       Fireball          |       |       |    12 |    87 ||    99
       Throw Frost       |       |       |     2 |     7 ||     9
       Delayed Fireball  |       |       |       |     3 ||     3
 Abil: Fly               |       |     1 |     1 |       ||     2
       Release Delayed F |       |       |       |     2 ||     2
Evoke: Wand              |       |       |     3 |     3 ||     6
  Use: Potion            |       |     3 |     3 |    16 ||    22
       Scroll            |       |     4 |     7 |    14 ||    25
 Stab: Sleeping          |       |     3 |       |       ||     3
  Eat: Chunk             |     2 |     5 |    14 |    38 ||    59
       Pizza             |       |     1 |       |       ||     1
       Bread ration      |       |       |     1 |       ||     1
       Meat ration       |       |       |     1 |     1 ||     2
Armor: Robe              |    10 |    33 |    76 |    47 ||   166
Dodge: Dodged            |    35 |   151 |   175 |   131 ||   492
